 Dungeon Crawl Stone Soup version 0.32-a0-411-g744942f433 (webtiles) character file.

Game seed: 9908661409681920680

350 shadowstone the Shooter (level 6, 0/47 HPs)
             Began as a Coglin Hunter on Feb 20, 2024.
             Was a Priest of Zin.
             Succumbed to a scorpion's poison
             ... on level 4 of the Dungeon.
             The game lasted 00:08:44 (3499 turns).

shadowstone the Shooter (Coglin Hunter)             Turns: 3499, Time: 00:08:45

Health: 0/47       AC:  5    Str: 12    XL:     6   Next: 61%
Magic:  6/6        EV: 11    Int:  8    God:    Zin [***...]
Gold:   142        SH:  0    Dex: 19    Spells: 5/5 levels left

rFire   . . .        a - +0 shortbow {Prani}
rCold   . . .        (shield currently unavailable)
rNeg    . . .        m - +0 ring mail
rPois   .            (no helmet)
rElec   .            (no cloak)
rCorr   .            (no gloves)
SInv    .            (no boots)
Will    .....        (no amulet)
Stlth   +            (no ring)
HPRegen 0.27/turn    (no ring)
MPRegen 0.10/turn

%: no passive effects
@: lethally poisoned (0 -> -7), revving
A: off-hand wielding, slow wielding, warmup strikes, legs shutdown
a: Renounce Religion, Recite, Vitalisation, Imprison, Donate Gold


You were on level 4 of the Dungeon.
You worshipped Zin.
Zin was most pleased with you.
You visited 1 branch of the dungeon, and saw 4 of its levels.

You collected 211 gold pieces.
You donated 69 gold pieces to Zin.

Inventory:

Hand Weapons
 a - a +0 shortbow (weapon) {Prani}
 r - a +0 dagger {Gebhard}
 B - a +0 long sword of electrocution
Missiles
 u - 2 darts of dispersal
 A - 3 poisoned darts
Armour
 c - a +0 leather armour
 m - a +0 ring mail (worn)
Magical Staves
 o - a staff of cold
Talismans
 w - a serpent talisman
Scrolls
 b - a scroll of butterflies
 d - a scroll of fog {unknown}
 i - a scroll of enchant weapon {unknown}
 j - a scroll of fear {unknown}
 l - a scroll of revelation {unknown}
 n - a scroll of enchant armour {unknown}
 p - 2 scrolls of identify {unknown}
 s - a scroll of acquirement {unknown}
 y - a scroll of torment {unknown}
 z - a scroll of vulnerability {unknown}
 C - a scroll of immolation {unknown}
Potions
 e - a potion of haste {unknown}
 f - 2 potions of degeneration {unknown}
 g - 2 potions of magic {unknown}
 h - a potion of ambrosia {unknown}
 k - 4 potions of curing {unknown}
 q - a potion of invisibility {unknown}
 t - 2 potions of brilliance {unknown}
 v - a potion of might {unknown}
 x - a potion of enlightenment {unknown}
 D - 2 potions of heal wounds {unknown}


   Skills:
 + Level 3.2 Fighting
 + Level 6.0 Ranged Weapons
 + Level 1.8 Armour
 + Level 2.3 Dodging
 + Level 0.9 Stealth


You had 5 spell levels left.
You didn't know any spells.
Your spell library contained the following spells:

 Spells                   Type           Power      Damage    Failure   Level
 Magic Dart               Conj           0%         1d3       67%         1
 Searing Ray              Conj           0%         2d4       82%         2
 Call Canine Familiar     Summ           0%         N/A       96%         3
 Sigil of Binding         Hex            0%         N/A       96%         3
 Dimensional Bullseye     Hex/Tloc       0%         N/A       100%        4
 Fulminant Prism          Conj/Alch      0%         3d5       100%        4


Dungeon Overview and Level Annotations

Branches:
Dungeon (4/15)
 Temple: D:4-7

Altars:
Ru
Zin


Innate Abilities, Weirdness & Mutations

You can wield a second weapon in your off-hand.
It takes a long time for you to wield or remove held weapons.
Your first few attacks do less damage.
Attacking and casting redirects power from your legs.


Message History

You are too injured to fight recklessly!
You are too injured to fight recklessly!
You are too injured to fight recklessly!
You shoot an arrow.
The arrow hits the scorpion but does no damage.
The scorpion is almost dead.
The scorpion stings you.
You are poisoned.
The scorpion poisons you!
You shoot an arrow.
The arrow hits the scorpion but does no damage.
The scorpion is almost dead.
You feel very sick. The scorpion stings you.
You are lethally poisoned!
The scorpion poisons you! The scorpion stings you.
You shoot an arrow. The arrow hits the scorpion!
You kill the scorpion!
* * * LOW HITPOINT WARNING * * *
You feel very sick.
Your Ranged Weapons skill increases to level 6!
* * * LOW HITPOINT WARNING * * *
You feel very sick.
There is a lethal amount of poison in your body!
There is a lethal amount of poison in your body!
There is a lethal amount of poison in your body!
There is a lethal amount of poison in your body!
There is a lethal amount of poison in your body!
There is a lethal amount of poison in your body!
There is a lethal amount of poison in your body!
There is a lethal amount of poison in your body!
There is a lethal amount of poison in your body!
There is a lethal amount of poison in your body!
There is a lethal amount of poison in your body!
There is a lethal amount of poison in your body!
* * * LOW HITPOINT WARNING * * *
You feel very sick.
* * * LOW HITPOINT WARNING * * *
You feel sick.
You die...

.........
#..#........#
...##....
#..###.......#
...# .# .#
##..####..#
..... . # #
#....# ....
...... #.#
##.###..#....
......
#..###..#
#...##.
##.....## #.##
#......# ##
..####.@#
###...# .###
.# .# .# .# #.


There were no monsters in sight!

Vanquished Creatures
  A black bear (D:4)
  A scorpion (D:4)
  A hound (D:4)
  6 adders
  A ribbon worm (D:3)
  3 dart slugs
  2 orcs (D:3)
  2 endoplasms
  4 giant cockroaches
  7 hobgoblins
  4 quokkas
  6 ball pythons
  4 bats
  3 frilled lizards
  7 goblins
  3 kobolds
  4 rats
59 creatures vanquished.

Notes
Turn   | Place    | Note
-------+----------+-------------------------------------------
     0 | D:1      | shadowstone the Coglin Hunter began the quest for the Orb.
     0 | D:1      | Reached XP level 1. HP: 16/16 MP: 1/1
    23 | D:1      | Found a faded altar of an unknown god.
   107 | D:1      | Reached skill level 4 in Ranged Weapons
   107 | D:1      | Reached XP level 2. HP: 22/22 MP: 2/2
   592 | D:1      | Prayed at the altar of an unknown god.
   592 | D:1      | Became a worshipper of Zin the Law-Giver
   592 | D:1      | Reached * piety under Zin
   599 | D:1      | Donated 14 gold pieces to Zin
   741 | D:2      | Reached XP level 3. HP: 27/27 MP: 3/3
  1453 | D:2      | Reached XP level 4. HP: 30/34 MP: 4/4
  1613 | D:2      | Reached ** piety under Zin
  1620 | D:2      | Donated 34 gold pieces to Zin
  2468 | D:3      | Reached skill level 5 in Ranged Weapons
  2697 | D:3      | Reached XP level 5. HP: 35/39 MP: 5/5
  2848 | D:3      | Found a sacrificial altar of Ru.
  3042 | D:3      | Reached skill level 1 in Armour
  3049 | D:3      | Reached *** piety under Zin
  3191 | D:4      | Noticed a black bear
  3203 | D:4      | Killed a black bear
  3204 | D:4      | Reached XP level 6. HP: 33/47 MP: 6/6
  3496 | D:4      | Reached skill level 6 in Ranged Weapons
  3498 | D:4      | HP: 2/47 [poisoned by a scorpion]
  3499 | D:4      | Succumbed to a scorpion's poison

Illustrated notes

Levels and vault maps discovered:
D:1:      eino_arrival_druids_welcome, layout_rooms,
          shapermc_ecumenical_altar_acropolis
D:2:      layout_basic
D:3:      layout_loops_ring, mainiacjoe_overflow_six_doors_small,
          grunt_decor_resistance
D:4:      layout_layer_cave, uniq_sigmund, uniq_grinder

Skill      XL: |  1  2  3  4  5  6 |
---------------+-------------------+-----
Ranged Weapons | 4 5 6 |  6.0
Dodging        | 2 |  2.3
Armour         | 1 |  1.8
Fighting       | 3 |  3.2
Stealth        | |  0.9

Action                     |  1- 3 |  4- 6 || total
---------------------------+-------+-------++-------
   Fire: Shortbow          |    94 |   146 ||   240
 Invoke: Donate Gold       |     1 |     1 ||     2
 Armour: Leather armour    |    30 |       ||    30
         Ring mail         |    24 |    78 ||   102
  Dodge: Dodged            |    64 |    69 ||   133

Table legend: (Time is in decaauts)
 A = Elapsed time spent in this place.
 B = Non-inter-level travel time spent in this place.
 C = Inter-level travel time spent in this place.
 D = Time resting spent in this place.
 E = Time spent auto-exploring this place.
 F = Levels seen in this place.
 G = Mean time per level.
                   A        B        C        D        E       F      G
               +--------+--------+--------+--------+--------+-----+--------+
         Total |   3564 |   3382 |    182 |    687 |   1315 |   4 |  891.0 |
       Dungeon |   3564 |   3382 |    182 |    687 |   1315 |   4 |  891.0 |
               +--------+--------+--------+--------+--------+-----+--------+

Top non-repeatable levels by time:
     D:2: 1612 daAuts
     D:3: 925 daAuts
     D:1: 656 daAuts
     D:4: 370 daAuts
